 Dungeon Crawl Stone Soup version 0.19-a0-1895-g783e625 (webtiles) character file.

877 Amnesiac the Ruffian (level 7, 0/106 HPs)
             Began as a Troll Berserker on Oct 18, 2016.
             Was a Believer of Trog.
             Succumbed to a killer bee's poison
             ... on level 8 of the Dungeon.
             The game lasted 00:02:30 (1034 turns).

Amnesiac the Ruffian (Troll Berserker)              Turns: 1034, Time: 00:02:31

Health: 0/106      AC: 23    Str: 26    XL:     7   Next: 75%
Magic:  6/6        EV:  1    Int:  3    God:    Trog [**....]
Gold:   121        SH:  0    Dex: 13    Spells: 0 memorised, 6 levels left

rFire  . . .     SeeInvis .       - Unarmed
rCold  . . .     Gourm    +     (armour currently unavailable)
rNeg   + + +     Faith    .     (no shield)
rPois  +         Spirit   .     (helmet currently unavailable)
rElec  .         Reflect  .     (cloak currently unavailable)
rCorr  .         Harm     .     (gloves unavailable)
MR     .....     NoTele   +     (boots unavailable)
Stlth  +.........               (no amulet)
                                (no ring)
                                l - ring of flight

@: lethally poisoned (0 -> -1), tree-form
A: unfitting armour, (claws 0), (icy blue scales 0), (thin metallic scales 0),
agile 1, fast metabolism 3, gourmand, regeneration 1, (shaggy fur 0), (tough
skin 0)
a: Berserk, Trog's Hand, Burn Spellbooks, Renounce Religion


You were on level 8 of the Dungeon.
You worshipped Trog.
Trog was pleased with you.
You were very hungry.
You were a tree.
You visited 1 branch of the dungeon, and saw 8 of its levels.

You collected 121 gold pieces.

Inventory:

Armour
 a - a +0 animal skin (melded)
Jewellery
 l - a ring of flight (left branch)
Scrolls
 c - a scroll of random uselessness {unknown}
 d - a scroll of recharging {unknown}
 e - 2 scrolls of enchant weapon {unknown}
 g - a scroll of magic mapping {unknown}
 j - a scroll of teleportation {unknown}
 k - a scroll of amnesia {unknown}
Comestibles
 b - 5 bread rations
 f - a beef jerky
 h - 3 fruits
 n - 2 chunks of flesh


   Skills:
 + Level 4.3 Fighting
 + Level 4.2 Dodging
 * Level 7.0 Unarmed Combat


You had 6 spell levels left.
You didn't know any spells.

Dungeon Overview and Level Annotations

Branches:
Dungeon (8/15)
 Temple: D:4-7         Lair: D:8-11

Altars:
Xom


Innate Abilities, Weirdness & Mutations

You are too large for most types of armour.
((You have claws for hands.))
Your metabolism is lightning-fast.
You like to eat raw meat.
Your natural rate of healing is unusually fast.
((You are covered in fur. (AC +1)))
((You have very tough skin. (AC +2)))
((You are partially covered in icy blue scales. (AC +2)))
((You are partially covered in thin metallic scales. (AC +2)))
You are agile. (Dex +2)


Message History

You smack the killer bee!
The killer bee is heavily wounded.
You feel sick. The killer bee stings you.
* * * LOW HITPOINT WARNING * * *
You closely miss the killer bee.
The killer bee is heavily wounded.
* * * LOW HITPOINT WARNING * * *
You feel sick.
The killer bee stings you but does no damage.
The killer bee stings you.
* * * LOW HITPOINT WARNING * * *
You smack the killer bee!
You kill the killer bee!
Trog accepts your kill.
Your Unarmed Combat skill increases to level 7!
* * * LOW HITPOINT WARNING * * *
You feel sick.
The killer bee stings you but does no damage.
You barely miss the killer bee.
You die...

......# #####
....... #...#
.....%< #...#
....?..###...#
....<>.#.....#
.......#♣#.###
..o....#y#.#
..yo...oo#.#
.......###.#
......# ##.# #
.##### #..# #.
#.## >..#
#######.# #
.$...####...#...#


You could see a killer bee, an orc wizard and an orc.

Vanquished Creatures
  A hippogriff (D:8)
  A hungry ghost (D:8)
  A sky beast (D:6)
  An ogre (D:5)
  A centaur (D:5)
  2 killer bees (D:8)
  A howler monkey (D:8)
  An orc priest (D:5)
  A bullfrog skeleton (D:6)
  2 centaur skeletons (D:6)
  An iguana (D:5)
  An orc wizard (D:5)
  A worker ant (D:8)
  An orc (D:5)
  2 giant cockroaches
  A goblin (D:3)
  2 hobgoblins
  2 kobolds
  A quokka (D:6)
  A quokka zombie (D:5)
  3 rats
28 creatures vanquished.

Notes
Turn   | Place    | Note
-------+----------+-------------------------------------------
     0 | D:1      | Amnesiac the Troll Berserker began the quest for the Orb.
     0 | D:1      | Reached XP level 1. HP: 22/22 MP: 0/0
   220 | D:3      | Reached XP level 2. HP: 29/29 MP: 1/1
   359 | D:5      | Entered Level 5 of the Dungeon
   402 | D:5      | Reached XP level 3. HP: 35/36 MP: 2/2
   476 | D:5      | Noticed an ogre
   479 | D:5      | Noticed a centaur
   482 | D:5      | Killed an ogre
   482 | D:5      | Reached skill level 4 in Unarmed Combat
   482 | D:5      | Reached XP level 4. HP: 45/45 MP: 3/3
   485 | D:5      | Killed a centaur
   485 | D:5      | Reached XP level 5. HP: 53/53 MP: 4/4
   551 | D:5      | Reached skill level 5 in Unarmed Combat
   690 | D:5      | Found a shimmering altar of Xom.
   719 | D:6      | Reached XP level 6. HP: 59/61 MP: 5/5
   751 | D:6      | Noticed a sky beast
   780 | D:6      | Killed a sky beast
   877 | D:8      | Noticed an ice beast
   877 | D:8      | Noticed a hippogriff
   933 | D:8      | Killed a hippogriff
   933 | D:8      | Reached skill level 6 in Unarmed Combat
   933 | D:8      | Reached XP level 7. HP: 70/70 MP: 6/6
   960 | D:8      | Noticed a hungry ghost
   984 | D:8      | Killed a hungry ghost
  1008 | D:8      | Reached ** piety under Trog
  1026 | D:8      | Gained mutation: You are partially covered in icy blue scales. (AC +2) [potion of mutation]
  1026 | D:8      | Gained mutation: You are agile. (Dex +2) [potion of mutation]
  1026 | D:8      | Gained mutation: You are partially covered in thin metallic scales. (AC +2) [potion of mutation]
  1030 | D:8      | HP: 5/105 [killer bee (2)]
  1032 | D:8      | HP: 1/105 [killer bee (2)]
  1033 | D:8      | Reached skill level 7 in Unarmed Combat
  1034 | D:8      | Succumbed to a killer bee's poison

Vault maps used:
D:1:      onia_arrival_handbag, serial_bayou_pond_e
D:2:      serial_co_window_serial, co_window_corner_a, co_window_corner_a,
          co_window_paths_b, co_window_paths_a, co_window_paths_a,
          co_window_corner_a, co_window_paths_b, co_window_unsneaky_path_c,
          co_window_of_opportunity_c, co_window_unsneaky_path_d,
          glass_columns_a, ecumenical_altar_2
D:3:      uniq_robin
D:4:      minmay_unequal
D:5:      first_bread, led_xom_imps
D:6:      hangedman_abyss_or_decor_stagger, uniq_blork_the_orc
D:7:      basic_altar

Skill      XL: |  1  2  3  4  5  6  7 |
---------------+----------------------+-----
Fighting       | 3 4 |  4.3
Dodging        | 3 4 |  4.2
Unarmed Combat | 4 5 6 7 |  7.0

Action                   |  1- 3 |  4- 6 |  7- 9 || total
-------------------------+-------+-------+-------++-------
Melee: Unarmed           |    33 |    48 |    44 ||   125
       Punch             |       |     1 |       ||     1
Invok: Berserk           |     2 |     2 |       ||     4
  Use: Potion            |       |       |     2 ||     2
 Stab: Sleeping          |     1 |       |       ||     1
  Eat: Chunk             |     4 |     6 |     1 ||    11
       Fruit             |       |       |     1 ||     1
Armor: Animal skin       |     9 |    13 |    12 ||    34
       Skin              |       |       |     8 ||     8
Dodge: Dodged            |    12 |    14 |    20 ||    46
